 Dungeon Crawl Stone Soup version 0.30-a0-166-g5d06c95188 (webtiles) character file.

Game seed: 4203513685163812266

96 qw the Chopper (level 4, -4/28 HPs)
             Began as a Gargoyle Fighter on Sept 28, 2022.
             Killed from afar by Natasha (9 damage)
             ... with a magic dart
             ... on level 2 of the Dungeon.
             The game lasted 00:00:54 (2248 turns).

qw the Chopper (Gargoyle Fighter)                   Turns: 2248, Time: 00:00:54

Health: -4/28      AC: 10    Str: 22    XL:     4   Next: 67%
Magic:  4/4        EV:  9    Int:  8    God:
Gold:   17         SH:  4    Dex:  9    Spells: 3/3 levels left

rFire   . . .      SeeInvis .    Y - +0 war axe
rCold   . . .      Faith    .    c - +0 buckler
rNeg    + . .      Spirit   .    b - +0 scale mail
rPois   inf        Reflect  .    (no helmet)
rElec   +          Harm     .    (no cloak)
rCorr   .          Rampage  .    (no gloves)
Will    .....                    (no boots)
Stlth   ..........               (no amulet)
HPRegen 0.09/turn                (no ring)
MPRegen 0.09/turn                (no ring)

@: slowed, very slow
A: sickness immunity, AC +3, negative energy resistance 1, electricity
resistance, torment resistance 1, petrification resistance
a: no special abilities


You were on level 2 of the Dungeon.
You visited 1 branch of the dungeon, and saw 2 of its levels.

You collected 65 gold pieces.
You spent 48 gold pieces at shops.


Innate Abilities, Weirdness & Mutations

You are immune to sickness and miasma.
Your stone body is resilient. (AC +3)
You are immune to poison.
You resist negative energy. (rN+)
You are resistant to electric shocks. (rElec)
You are resistant to unholy torment.
You are immune to petrification.


   Skills:
 - Level 3.2 Fighting
 + Level 4.3 Axes
 - Level 3.2 Armour
 - Level 3.2 Shields


You had 3 spell levels left.
You didn't know any spells.
Your spell library was empty.

Inventory:

Hand Weapons
 a - a +0 flail
 Y - a +0 war axe (weapon)
Armour
 b - a +0 scale mail (worn)
 c - a +0 buckler (worn)
Scrolls
 e - a scroll of torment {unknown}
 g - 3 scrolls of identify
Potions
 d - a potion of might
 f - a potion of mutation {unknown}
 j - a potion of haste {unknown}
 l - a potion of curing {unknown}

Dungeon Overview and Level Annotations

Branches:
Dungeon (2/15)

Altars:

Shops:
D:2 ?

Annotations:
D:2 Natasha


Message History

The hobgoblin is moderately wounded.
The hobgoblin hits you.
You slash the hobgoblin!
You kill the hobgoblin!
You start resting.
HP restored.
You see here a hobgoblin corpse.
Things that are here:
a +0 dagger; 4 stones Natasha, Servant of Life and Death comes into view.
2241 ||| Stepping ~*~*~tactically~*~*~ (stealth).
2242 ||| Stepping ~*~*~tactically~*~*~ (stealth).
Natasha hisses angrily.
You hit Natasha.
Natasha is lightly wounded.
Natasha barely misses you.
You barely miss Natasha.
Natasha is lightly wounded.
Natasha claws you.
Natasha mumbles some strange words.
You slash Natasha!
Natasha is severely wounded.
You hit the white imp. The white imp hits you. The white imp freezes you.
Natasha claws you!
You hit Natasha.
Natasha is almost dead.
You hit the white imp but do no damage. The white imp gestures at you.
The puff of frost hits you!
Natasha extends her claws.
Natasha misses you.
You closely miss Natasha.
Natasha is almost dead.
You barely miss the white imp. You block the white imp's attack.
Natasha stares at you and mumbles some strange words.
You feel yourself slow down. The white imp barely misses you.
Natasha stares at you and mumbles some strange words.
The magic dart hits you!
You die...

.## ##...#
###############
#.###.##.#
#.............#
##>#.###.#
#.###########.# ##<##
#.# #.# #.# ### #.#
#.###.###########.###
#.#
#......^.............
#.#
#####.###########....
#.########h# #####
#.......5@.#
############


You could see Natasha and a white imp (summoned).

Vanquished Creatures
  Natasha (D:2)
  An adder (D:2)
  2 worms (D:2)
  5 endoplasms
  2 giant cockroaches
  7 goblins
  8 hobgoblins
  6 jackals (D:2)
  A quokka (D:1)
  5 ball pythons (D:1)
  A bat (D:1)
  3 frilled lizards
  4 kobolds
  6 rats
52 creatures vanquished.

Notes
Turn   | Place    | Note
-------+----------+-------------------------------------------
     0 | D:1      | qw the Gargoyle Fighter began the quest for the Orb.
     0 | D:1      | Reached XP level 1. HP: 14/14 MP: 1/1
     0 | D:1      | 0 ||| qw: Version: 0.2-a-12-gaebbb33
     0 | D:1      | 0 ||| qw: Game counter: 991
     0 | D:1      | 0 ||| qw: Always use a shield: true
     0 | D:1      | 0 ||| qw: God list: Okawaru
     0 | D:1      | 0 ||| qw: Allow faded altars: false
     0 | D:1      | 0 ||| qw: Do Orc after D:15 true
     0 | D:1      | 0 ||| qw: Do second Lair branch before Depths: true
     0 | D:1      | 0 ||| qw: Lair rune preference: random
     0 | D:1      | 0 ||| qw: Plans: Normal, Zot:1-4, God:TSO, Crypt, Tomb,
                  | Pan, Slime:5, Hells, Abyss, Orb
     0 | D:1      | 0 ||| PLANNING D:1-11
    23 | D:1      | Reached skill level 2 in Axes
   115 | D:1      | 115 ||| Stepping ~*~*~tactically~*~*~ (stealth).
   126 | D:1      | Reached XP level 2. HP: 14/19 MP: 2/2
   257 | D:1      | 257 ||| Stepping ~*~*~tactically~*~*~ (stealth).
   259 | D:1      | 259 ||| Stepping ~*~*~tactically~*~*~ (stealth).
   325 | D:1      | 325 ||| Stepping ~*~*~tactically~*~*~ (stealth).
   364 | D:1      | 364 ||| DROPPING +0 club.
   432 | D:1      | 432 ||| Stepping ~*~*~tactically~*~*~ (stealth).
   436 | D:1      | 436 ||| Stepping ~*~*~tactically~*~*~ (stealth).
   478 | D:1      | Reached skill level 3 in Axes
   603 | D:1      | Reached XP level 3. HP: 23/23 MP: 3/3
   774 | D:1      | Found a faded altar of an unknown god.
  1227 | D:1      | 1227 ||| READING scroll labelled CIT CUTEUDUSE.
  1231 | D:1      | 1231 ||| READING 2 scrolls labelled GESIUBL MYIQE.
  1232 | D:1      | 1232 ||| READING scroll labelled VIECIASAOSM.
  1233 | D:1      | 1233 ||| READING scroll labelled NAGAXE UZIOXAU.
  1234 | D:1      | 1234 ||| READING scroll labelled REUFRI XAMY.
  1235 | D:1      | 1235 ||| DRINKING 3 white potions.
  1236 | D:1      | 1236 ||| DROPPING 2 potions of brilliance.
  1444 | D:2      | 1444 ||| Stepping ~*~*~tactically~*~*~ (stealth).
  1483 | D:2      | Reached XP level 4. HP: 22/28 MP: 4/4
  1483 | D:2      | 1483 ||| FLEEEEING.
  1484 | D:2      | 1484 ||| FLEEEEING.
  1485 | D:2      | 1485 ||| FLEEEEING.
  1486 | D:2      | 1486 ||| FLEEEEING.
  1487 | D:2      | 1487 ||| FLEEEEING.
  1488 | D:2      | 1488 ||| FLEEEEING.
  1489 | D:2      | 1489 ||| FLEEEEING.
  1490 | D:2      | 1490 ||| FLEEEEING.
  1492 | D:2      | 1492 ||| FLEEEEING.
  1493 | D:2      | 1493 ||| FLEEEEING.
  1494 | D:2      | 1494 ||| FLEEEEING.
  1495 | D:2      | 1495 ||| FLEEEEING.
  1496 | D:2      | 1496 ||| FLEEEEING.
  1497 | D:2      | 1497 ||| FLEEEEING.
  1498 | D:2      | 1498 ||| FLEEEEING.
  1499 | D:2      | 1499 ||| FLEEEEING.
  1500 | D:2      | 1500 ||| FLEEEEING.
  1501 | D:2      | 1501 ||| FLEEEEING.
  1502 | D:2      | 1502 ||| FLEEEEING.
  1503 | D:2      | 1503 ||| FLEEEEING.
  1504 | D:2      | 1504 ||| FLEEEEING.
  1505 | D:2      | 1505 ||| FLEEEEING.
  1506 | D:2      | 1506 ||| FLEEEEING.
  1507 | D:2      | 1507 ||| FLEEEEING.
  1508 | D:2      | 1508 ||| FLEEEEING.
  1509 | D:2      | 1509 ||| FLEEEEING.
  1510 | D:2      | 1510 ||| FLEEEEING.
  1511 | D:2      | 1511 ||| FLEEEEING.
  1512 | D:2      | 1512 ||| FLEEEEING.
  1513 | D:2      | 1513 ||| FLEEEEING.
  1514 | D:2      | 1514 ||| FLEEEEING.
  1515 | D:2      | 1515 ||| FLEEEEING.
  1516 | D:2      | 1516 ||| FLEEEEING.
  1550 | D:2      | 1550 ||| DROPPING +0 whip.
  1662 | D:2      | 1662 ||| Stepping ~*~*~tactically~*~*~ (stealth).
  1677 | D:2      | Noticed Natasha
  1684 | D:2      | 1684 ||| Stepping ~*~*~tactically~*~*~ (stealth).
  1762 | D:2      | Reached skill level 4 in Axes
  1767 | D:2      | Found Amela's Magic Scroll Shop.
  1781 | D:2      | 1781 ||| BUYING 2 scrolls of identify (48 gold).
  1781 | D:2      | Bought 2 scrolls of identify for 48 gold pieces
  1781 | D:2      | 1781 ||| SHOPLISTING scroll of enchant weapon (90 gold,
                  | have 17).
  1781 | D:2      | 1781 ||| SHOPLISTING scroll of identify (24 gold, have 17).
  1866 | D:2      | 1866 ||| Stepping ~*~*~tactically~*~*~ (hiding).
  1881 | D:2      | Killed Natasha
  2240 | D:2      | Noticed Natasha
  2241 | D:2      | 2241 ||| Stepping ~*~*~tactically~*~*~ (stealth).
  2242 | D:2      | 2242 ||| Stepping ~*~*~tactically~*~*~ (stealth).
  2247 | D:2      | HP: 5/28 [white imp/puff of frost[Natasha] (7)]
  2248 | D:2      | Killed from afar by Natasha

Levels and vault maps discovered:
D:1:      spicycebolla_arrival_xxxplode, layout_basic,
          shapermc_ecumenical_altar_hornbeckon
D:2:      layout_loops_ring, serial_shops, nicolae_shop_statue_plus,
          uniq_natasha

Skill      XL: |  1  2  3  4 |
---------------+-------------+-----
Axes           | 2 3 4 |  4.3
Fighting       | |  3.2
Armour         | |  3.2
Shields        | |  3.2

Action                   |  1- 3 |  4- 6 || total
-------------------------+-------+-------++-------
Melee: War axe           |   119 |    41 ||   160
  Use: Scroll            |     5 |       ||     5
       Potion            |     1 |       ||     1
Armor: Scale mail        |    61 |    13 ||    74
Dodge: Dodged            |    52 |    14 ||    66
Block: Buckler           |    16 |     9 ||    25

Table legend:
 A = Non-vault XP
 B = Vault XP
 C = Vault XP percentage of total XP
 D = Non-vault monster count
 E = Vault monster count
 F = Vault count percentage of total count
                 A         B        C        D         E       F
            +---------+---------+-------+---------+---------+-------
      Total |     103 |      35 |  25.4 |      51 |       1 |   1.9
            +---------+---------+-------+---------+---------+-------
        D:1 |      46 |       0 |   0.0 |      29 |       0 |   0.0
        D:2 |      57 |      35 |  38.0 |      22 |       1 |   4.3
            +---------+---------+-------+---------+---------+-------
